 Dungeon Sprint DCSS version 0.17-a0-1468-gbf503c2 (webtiles) character file.

356 pulse the Blocker (level 6, -17/56 HPs)
             Began as a Formicid Fighter on July 1, 2015.
             Was a Believer of Trog.
             Demolished by a cyclops (21 damage)
             ... in the Dungeon (Sprint IX: "|||||||||||||||||||||||||||||").
             The game lasted 00:00:45 (618 turns).

pulse the Blocker (Formicid Fighter)                 Turns: 618, Time: 00:00:45

Health: -17/56     AC:  8    Str: 22    XL:     6   Next: 96%
Magic:  6/6        EV: 10    Int:  8    God:    Trog [**....]
Gold:   0          SH: 11    Dex: 10    Spells: 0 memorised, 5 levels left

rFire  . . .     SeeInvis +     n - +2 scimitar (holy)
rCold  . . .     Clarity  .     b - +0 scale mail
rNeg   . . .     SustAt   .     c - +0 shield
rPois  .         Gourm    .     (helmet unavailable)
rElec  .         Spirit   .     (no cloak)
rCorr  .         Warding  .     (no gloves)
rMut   .         Stasis   +     (no boots)
MR     .....                    (no amulet)
Stlth  ..........               (no ring)
                                (no ring)

@: not resistant to hostile enchantments, extremely unstealthy
A: permanent stasis, dig shafts and tunnels, four strong arms, antennae 3
a: Dig, Burn Spellbooks, Trog's Hand, Renounce Religion


You were in the Dungeon.
You worshipped Trog.
Trog was pleased with you.
You were not hungry.

You visited 1 branch

Inventory:

Hand weapons
 a - a +0 long sword
 n - a +2 scimitar of holy wrath (weapon)
Armour
 b - a +0 scale mail (worn)
 c - a +0 shield (worn)
 o - a +2 ring mail
Jewellery
 p - a +3 ring of intelligence
 q - a +3 ring of intelligence
Magical devices
 m - a wand of cold (7)
Scrolls
 k - 2 scrolls of blinking
 l - 3 scrolls of remove curse
Potions
 d - a potion of invisibility
 f - 5 potions of curing
 g - 2 potions of heal wounds
 h - a potion of haste
 i - 4 potions of magic
 j - a potion of berserk rage
Comestibles
 e - a bread ration


   Skills:
 + Level 7.7 Fighting
 + Level 5.4 Long Blades
 + Level 9.1 Armour
 + Level 2.0 Dodging
 + Level 9.4 Shields


You had 5 spell levels left.
You didn't know any spells.

Dungeon Overview and Level Annotations

Branches:
Dungeon (1/1)

Altars:
Cheibriados
Dithmenos
Elyvilon
Fedhas
Gozag
Kikubaaqudgha
Makhleb
Nemelex Xobeh
Okawaru
Qazlal
Ru
Sif Muna
Trog
Vehumet
Xom
Yredelemnul
Zin
The Shining One
Beogh
Jiyva
Lugonu


Innate Abilities, Weirdness & Mutations

You are under a permanent stasis effect.
You can dig through walls and to a lower floor.
Your four strong arms can wield two-handed weapons with a shield.
You have a pair of large antennae on your head (SInv).


Message History

The cyclops is lightly wounded.
The phantom barely misses you.
You barely miss the cyclops.
The cyclops is lightly wounded.
The cyclops hits you!!
* * * LOW HITPOINT WARNING * * *
The phantom completely misses you.
You barely miss the cyclops.
The cyclops is lightly wounded.
The deep elf mage gestures wildly while chanting.
The deep elf mage conjures a globe of magical energy!
The phantom closely misses you. The cyclops hits you!
* * * LOW HITPOINT WARNING * * *
You barely miss the cyclops.
The cyclops is lightly wounded.
You block the phantom's attack. You block the cyclops's attack.
You slash the cyclops!
The cyclops is heavily wounded.
You block the phantom's attack. The cyclops hits you!!
You die...

▓.▓
{
▓.▓
{
▓'▓
{ {
▓)▓
▓.▓
▓.▓
▓.▓
▓W▓
▓@▓
▓C▓
▓h▓
▓Z▓
▓e▓
▓T▓
▓*▓
▓.▓


You could see a cyclops, a troll, a phantom, a deep elf mage, a hound and a
giant cockroach zombie.

Vanquished Creatures
  A sky beast (D)
  An ice beast (D)
  A centaur (D)
  A crimson imp (D)
  An iguana (D)
  A worker ant (D)
  A shadow imp (D)
  A worm (D)
  A giant gecko (D)
  An orc (D)
  A hobgoblin (D)
  3 kobolds (D)
  2 rats (D)
16 creatures vanquished.

Notes
Turn   | Place    | Note
--------------------------------------------------------------
     0 | D        | pulse the Formicid Fighter began the quest for the Orb.
     0 | D        | Reached XP level 1. HP: 18/18 MP: 1/1
    22 | D        | Reached skill level 4 in Armour
    29 | D        | Reached XP level 2. HP: 7/25 MP: 2/2
   319 | D        | Noticed an ice beast
   319 | D        | Noticed a sky beast
   319 | D        | Noticed a worker ant
   336 | D        | Killed an ice beast
   336 | D        | Reached skill level 5 in Fighting
   336 | D        | Reached skill level 6 in Armour
   336 | D        | Reached XP level 3. HP: 2/34 MP: 3/3
   336 | D        | Reached XP level 4. HP: 2/40 MP: 4/4
   341 | D        | Killed a sky beast
   341 | D        | Reached skill level 7 in Armour
   341 | D        | Reached skill level 1 in Dodging
   341 | D        | Reached XP level 5. HP: 17/47 MP: 5/5
   341 | D        | Reached XP level 6. HP: 19/53 MP: 6/6
   344 | D        | Killed a worker ant
   344 | D        | Reached skill level 8 in Armour
   354 | D        | Found a glowing silver altar of Zin.
   354 | D        | Found a glowing golden altar of the Shining One.
   354 | D        | Found an ancient bone altar of Kikubaaqudgha.
   354 | D        | Found a basalt altar of Yredelemnul.
   354 | D        | Found a shimmering altar of Xom.
   354 | D        | Found a radiant altar of Vehumet.
   355 | D        | Found an iron altar of Okawaru.
   356 | D        | Found a burning altar of Makhleb.
   357 | D        | Found a deep blue altar of Sif Muna.
   358 | D        | Found a bloodstained altar of Trog.
   359 | D        | Found a sparkling altar of Nemelex Xobeh.
   360 | D        | Found a white marble altar of Elyvilon.
   361 | D        | Found a roughly hewn altar of Beogh.
   362 | D        | Found a viscous altar of Jiyva.
   363 | D        | Found a corrupted altar of Lugonu.
   364 | D        | Found a blossoming altar of Fedhas.
   365 | D        | Found a snail-covered altar of Cheibriados.
   366 | D        | Became a worshipper of Trog the Wrathful
   367 | D        | Found a shadowy altar of Dithmenos.
   368 | D        | Found a stormy altar of Qazlal.
   369 | D        | Found an opulent altar of Gozag.
   531 | D        | Found a sacrificial altar of Ru.
   575 | D        | Noticed a phantom
   575 | D        | Noticed a crimson imp
   575 | D        | Noticed a centaur
   583 | D        | Killed a crimson imp
   590 | D        | Acquired Trog's first power
   598 | D        | Killed a centaur
   598 | D        | Reached skill level 5 in Long Blades
   598 | D        | Reached skill level 9 in Shields
   605 | D        | Noticed an iguana
   605 | D        | Noticed a hound
   605 | D        | Noticed a cyclops
   605 | D        | Noticed a deep elf mage
   605 | D        | Noticed a troll
   608 | D        | Killed an iguana
   608 | D        | Acquired Trog's second power
   618 | D        | Demolished by a cyclops

Vault maps used:
D:        linesprint

Action                   |  1- 3 |  4- 6 || total
-------------------------+-------+-------++-------
Melee: Long sword        |    39 |     9 ||    48
       Scimitar          |       |    35 ||    35
  Use: Potion            |       |     2 ||     2
